 Dungeon Crawl Stone Soup version 0.29.1-2-gbd0b4ee654 (webtiles) character file.

Game seed: 7352018558083983338

211 GeoRichter the Firebug (level 5, -6/28 HPs)
             Began as a Deep Elf Fire Elementalist on Oct 25, 2022.
             Mangled by Edmund
             ... wielding a +2 flail of protection
              (13 damage)
             ... on level 4 of the Dungeon.
             The game lasted 00:06:39 (3434 turns).

GeoRichter the Firebug (Deep Elf Fire Elementalist) Turns: 3434, Time: 00:06:40

Health: -6/28      AC:  3    Str:  7    XL:     5   Next: 57%
Magic:  0/13       EV: 12    Int: 20    God:
Gold:   93         SH:  0    Dex: 15    Spells: 6/12 levels left

rFire   . . .      SeeInvis .   w - staff of conjuration {!a}
rCold   . . .      Faith    .   (no shield)
rNeg    . . .      Spirit   .   a - +0 robe
rPois   .          Reflect  .   n - +0 hat
rElec   .          Harm     .   (no cloak)
rCorr   .          Rampage  .   (no gloves)
Will    .....                   f - +0 pair of boots
Stlth   ++........              (no amulet)
HPRegen 0.09/turn               (no ring)
MPRegen 0.13/turn               (no ring)

@: no status effects
A: no striking features
a: no special abilities


You were on level 4 of the Dungeon.
You visited 1 branch of the dungeon, and saw 4 of its levels.

You collected 163 gold pieces.
You spent 70 gold pieces at shops.

Inventory:

Hand Weapons
 k - a +2 dagger of venom
   (You took it off a goblin on level 2 of the Dungeon)
Armour
 a - a +0 robe (worn)
 f - a +0 pair of boots (worn)
   (You found it on level 1 of the Dungeon)
 n - a +0 hat (worn)
   (You found it on level 2 of the Dungeon)
Magical Staves
 w - a staff of conjuration (weapon) {!a}
   (You found it on level 4 of the Dungeon)
Wands
 s - a wand of flame (3)
   (You found it on level 4 of the Dungeon)
 v - a wand of roots (6)
   (You found it on level 4 of the Dungeon)
Scrolls
 g - 4 scrolls of identify {unknown}
 i - 7 scrolls of immolation {unknown}
 l - a scroll of poison {unknown}
 m - 2 scrolls of teleportation {unknown}
 o - 2 scrolls of enchant armour {unknown}
 q - a scroll of torment {unknown}
 r - a scroll of butterflies {unknown}
 t - a scroll of vulnerability {unknown}
 u - a scroll of amnesia {unknown}
Potions
 b - a potion of magic
 c - 2 potions of cancellation {unknown}
 d - 2 potions of resistance {unknown}
 e - a potion of haste {unknown}
 h - a potion of ambrosia {unknown}
 j - 5 potions of curing {unknown}
 p - 2 potions of heal wounds {@q2}


   Skills:
 - Level 2.4 Dodging
 - Level 2.4 Stealth
 + Level 4.4 Spellcasting
 * Level 3.8 Conjurations
 * Level 5.0 Fire Magic


You had 6 spell levels left.
You knew the following spells:

 Your Spells              Type           Power      Damage    Failure   Level
a - Foxfire               Conj/Fire      100%       2x1d9     1%          1
b - Scorch                Fire           48%        2d7       2%          2
c - Conjure Flame         Conj/Fire      33%        6-21      6%          3

Your spell library contained the following spells:

 Spells                   Type           Power      Damage    Failure   Level
 Inner Flame              Hex/Fire       14%        N/A       13%         3
 Flame Wave               Conj/Fire      33%        2d10      19%         4


Dungeon Overview and Level Annotations

Branches:
Dungeon (4/15) Zot: 20558
 Temple: D:4-7

Altars:
Yredelemnul

Shops:
D:1 ?   D:3 !

Annotations:
D:4 1 runed translucent door, Edmund


Message History

You see here a staff of conjuration {!a}.
w - a staff of conjuration {!a}
Okay, then.
Your +2 dagger of venom stops dripping with poison.
w - a staff of conjuration (weapon)
{!a}
Found a potion of heal wounds.
A kobold comes into view. It is wielding a +0 whip.
You see here a potion of heal wounds {@q2}.
A kobold is nearby!
p - 3 potions of heal wounds {@q2} (gained 1)
You feel a surge of power!
You conjure some foxfire!
The foxfire hits the kobold!
You kill the kobold!
Unknown command.
Found a club.
Found a scroll labelled ROOWOH JEJY.
Found a stone staircase leading up.
You see here a +0 whip.
o - 2 scrolls labelled ROOWOH JEJY (gained 1) Edmund the Younger comes into view.
He is wielding a +2 flail of protection.
You feel a surge of power!
You conjure some foxfire!
You feel a surge of power!
You conjure some foxfire!
The foxfire hits Edmund.
Edmund shouts!
The foxfire hits Edmund.
The foxfire hits Edmund but does no damage.
The foxfire hits Edmund.
You feel a surge of power!
You conjure some foxfire!
The foxfire hits Edmund but does no damage.
The foxfire hits Edmund.
You feel a surge of power!
You conjure some foxfire!
The foxfire hits Edmund but does no damage. x2
Flames lash Edmund but do no damage.
The spell is quite dangerous to miscast (6% risk of failure)!
Continue anyway?
You feel a surge of power!
The fire begins to smoulder!
Edmund attacks as you move away! Edmund barely misses you.
Edmund smothers the flame.
Flames lash Edmund.
Edmund's fire resistance burns away.
Edmund drinks a potion.
Edmund goes berserk!
Flames lash Edmund.
Edmund closely misses you. x2
Flames lash Edmund.
Edmund is burned terribly!
Edmund hits you with a +2 flail of protection!!
Ouch! That really hurt!
* * * LOW HITPOINT WARNING * * *
Okay, then.
You feel much better.
Edmund hits you with a +2 flail of protection!
Ouch! That really hurt!
* * * LOW HITPOINT WARNING * * *
Edmund hits you with a +2 flail of protection!
You die...

......#.##.##.#####.###
.....##.##.##....#<.####
#...###.........)......#
##### #............###.#
#...###....).......# #.#
.....##............# #.#
......####.#####.#.###.#
).....# #.# #.#.....#
......# #.# #@#######
.....## #.# #@# #...##
#.# #.# ##### #.#####.#
#...## #...@...# .....##
...###### ......#
......# ......#


You could see Edmund (berserk, combustible).

Vanquished Creatures
  A hound (D:4)
  A human zombie (D:4)
  A gnoll bouda (D:4)
  3 gnolls (D:4)
  4 adders
  A worm (D:3)
  5 ball pythons
  5 bats
  8 endoplasms
  4 goblins
  5 hobgoblins
  2 jackals (D:1)
  4 kobolds
  2 quokkas
  2 frilled lizards
  A goblin zombie (D:4)
  7 rats
56 creatures vanquished.

Vanquished Creatures (others)
  147 foxfires
  4 toadstools (D:1)
151 creatures vanquished.

Grand Total: 207 creatures vanquished

Notes
Turn   | Place    | Note
-------+----------+-------------------------------------------
     0 | D:1      | GeoRichter the Deep Elf Fire Elementalist began the quest
                  | for the Orb.
     0 | D:1      | Reached XP level 1. HP: 10/10 MP: 6/6
   143 | D:1      | Found a faded altar of an unknown god.
   319 | D:1      | Found Mokhayrgh's Magic Scroll Shop.
   609 | D:1      | Reached XP level 2. HP: 15/15 MP: 5/8
  1002 | D:2      | Learned a level 2 spell: Scorch
  1038 | D:2      | Reached XP level 3. HP: 19/19 MP: 1/9
  1173 | D:2      | Reached skill level 4 in Fire Magic
  2009 | D:3      | Found Kojye's Distillery.
  2420 | D:3      | Reached XP level 4. HP: 24/24 MP: 8/11
  2599 | D:3      | Bought a potion of heal wounds for 70 gold pieces
  2656 | D:4      | Noticed a human
  2656 | D:4      | Found a runed translucent door.
  2676 | D:4      | Learned a level 3 spell: Conjure Flame
  2763 | D:4      | Found a basalt altar of Yredelemnul.
  2941 | D:4      | Reached XP level 5. HP: 28/28 MP: 10/13
  2980 | D:4      | Reached skill level 5 in Fire Magic
  3415 | D:4      | Noticed Edmund
  3434 | D:4      | Mangled by Edmund

Illustrated notes

Levels and vault maps discovered:
D:1:      ldierk_water_garden, layout_loops_ring,
          ebering_ecumenical_altar_petrified, serial_shops, nicolae_square_shop
D:2:      layout_rooms
D:3:      layout_basic, serial_shops, nicolae_shop_waterfront
D:4:      kennysheep_six_static_rooms, layout_basic, dk_yredelemnul_ordeal,
          uniq_edmund

Skill      XL: |  1  2  3  4  5 |
---------------+----------------+-----
Conjurations   | 2 3 |  3.8
Fire Magic     | 4 5 |  5.0
Spellcasting   | 4 |  4.4
Dodging        | |  2.4
Stealth        | |  2.4

Action                   |  1- 3 |  4- 6 || total
-------------------------+-------+-------++-------
Melee: Unarmed           |     2 |       ||     2
       Dagger            |     8 |     3 ||    11
 Cast: Foxfire           |    54 |    34 ||    88
       Scorch            |     9 |    13 ||    22
       Conjure Flame     |       |     1 ||     1
  Use: Potion            |       |     1 ||     1
Armor: Robe              |     4 |       ||     4
Dodge: Dodged            |    12 |    12 ||    24
